 Dungeon Crawl Stone Soup version 0.20.0-15-g7f486f2 (webtiles) character file.

51 tatsu007 the Vexing (level 3, -1/26 HPs)
             Began as a Demonspawn Arcane Marksman on June 17, 2017.
             Slain by a goblin (3 damage)
             ... led by Robin
             ... on level 2 of the Dungeon.
             The game lasted 00:07:22 (1236 turns).

tatsu007 the Vexing (Demonspawn Arcane Marksman)    Turns: 1236, Time: 00:07:22

Health: -1/26      AC:  4    Str: 10    XL:     3   Next: 58%
Magic:  4/4        EV: 12    Int: 14    God:
Gold:   56         SH:  0    Dex: 14    Spells: 0/4 levels left

rFire    . . .     SeeInvis .   a - +0 shortbow
rCold    . . .     Gourm    .   (shield currently unavailable)
rNeg     . . .     Faith    .   e - +0 robe
rPois    .         Spirit   .   (no helmet)
rElec    .         Reflect  .   (no cloak)
rCorr    .         Harm     .   (no gloves)
MR       .....                  (no boots)
Stlth    +.........             (no amulet)
Regen    0.1/turn               (no ring)
MPRegen  0.1/turn               (no ring)

@: very slightly contaminated
A: molten scales 1, powered by pain 1
a: no special abilities


You were on level 2 of the Dungeon.
You were not hungry.

You visited 1 branch of the dungeon, and saw 2 of its levels.

You collected 56 gold pieces.

Inventory:

Hand Weapons
 a - a +0 shortbow (weapon)
 h - a +0 spear
Missiles
 d - 13 arrows (quivered)
 k - 6 poisoned needles
Armour
 b - a +0 plate armour
 e - a +0 robe (worn)
Scrolls
 i - a scroll of identify
 n - a scroll of fear {unknown}
Potions
 l - a potion of invisibility
 m - a potion of curing
 o - a potion of degeneration {unknown}
Books
 c - a book of Debilitation

   Spells                             Type                      Level
   a - Corona                         Hexes                        1
   b - Slow                           Hexes                        2
   c - Inner Flame                    Hexes/Fire                   3
   d - Portal Projectile              Hexes/Translocation          3
   e - Cause Fear                     Hexes                        4
   f - Leda's Liquefaction            Hexes/Earth                  4
Comestibles
 f - 2 bread rations
 g - 5 chunks of flesh
 j - 2 meat rations


   Skills:
 + Level 1.2 Fighting
 + Level 2.7 Bows
 + Level 2.0 Dodging
 + Level 1.2 Spellcasting
 + Level 3.5 Hexes
 + Level 0.1 Fire Magic


You couldn't memorise any spells.
You knew the following spells:

 Your Spells              Type           Power        Failure   Level  Hunger
a - Corona                Hex            ##.....      6%          1    ##.....
b - Inner Flame           Hex/Fire       #.......     36%         3    ####...


Dungeon Overview and Level Annotations

Branches:
Dungeon (2/15)

Altars:

Annotations:
D:2 Robin


Innate Abilities, Weirdness & Mutations

You are partially covered in molten scales. (AC +2)
You sometimes gain a little power by taking damage.


Message History

The goblin shouts!
The arrow hits the goblin.
You kill the goblin!
The goblin closely misses you. Robin hits you with an enchanted mace.
Firing (i - inventory):
d - 15 arrows (quivered)
Press: ? - help, Shift-Dir - straight line, f - Robin
Aim: Robin, wielding an enchanted mace, wearing an animal skin and wearing a helmet You shoot an arrow.
The arrow hits Robin.
Robin is moderately wounded.
The goblin barely misses you. Robin hits you with an enchanted mace!
* * * LOW HITPOINT WARNING * * *
You focus on the pain.
You feel your power returning. The goblin barely misses you.
Firing (i - inventory):
d - 14 arrows (quivered)
Press: ? - help, Shift-Dir - straight line, f/p - Robin
Aim: Robin, wielding an enchanted mace, wearing an animal skin and wearing a helmet (moderately wounded)
You shoot an arrow. The arrow barely misses Robin.
The arrow hits the goblin.
You kill the goblin!
Robin hits you but does no damage. The goblin hits you.
You die...

####♣♣ ##.....♣♣
########## ##.....g.♣
##...##...## #...≈≈≈...
#..........####..≈≈≈≈≈..
.............#...≈≈♣≈≈..
.........(...(.(@≈≈≈≈≈..
...............ggg≈≈≈(..
#...............g.).)(.♣
##...##......####..().♣♣
#########..#########♣♣
#...>......#....# ##
#...............# ..
#.......♣♣♣.....#.####
#......♣# #♣..........


You could see Robin and 4 goblins.

Vanquished Creatures
  A worm (D:2)
  4 dart slugs
  3 leopard geckos (D:1)
  12 goblins
  A hobgoblin (D:1)
  2 bats (D:1)
  3 frilled lizards
  7 kobolds
  8 rats
41 creatures vanquished.

Notes
Turn   | Place    | Note
-------+----------+-------------------------------------------
     0 | D:1      | tatsu007 the Demonspawn Arcane Marksman began the quest for the Orb.
     0 | D:1      | Reached XP level 1. HP: 15/15 MP: 2/2
   161 | D:1      | Gained mutation: You are partially covered in molten scales. (AC +2) [demonic ancestry]
   161 | D:1      | Reached XP level 2. HP: 21/21 MP: 3/3
   478 | D:1      | Gained mutation: You sometimes gain a little power by taking damage. [demonic ancestry]
   478 | D:1      | Reached XP level 3. HP: 23/26 MP: 4/4
   782 | D:1      | Learned a level 3 spell: Inner Flame
  1226 | D:2      | Noticed Robin
  1236 | D:2      | Slain by a goblin

Skill      XL: |  1  2 |
---------------+-------+-----
Dodging        | 2 |  2.0
Bows           | 2 |  2.7
Fighting       | |  1.2
Spellcasting   | |  1.2
Hexes          | |  3.5
Fire Magic     | |  0.1

Action                   || total
-------------------------++-------
 Fire: Shortbow          ||   116
 Cast: Corona            ||     6
       Inner Flame       ||     1
  Use: Potion            ||     4
       Scroll            ||     2
  Eat: Chunk             ||     1
Armor: Robe              ||    14
Dodge: Dodged            ||    29
